 Dungeon Crawl Stone Soup version 0.31-a0-810-ga77100ea1a (webtiles) character file.

Game seed: 3911427323778049866

319 lunkers the Slicer (level 7, -1/50 HPs)
             Began as a Meteoran Wanderer on Sept 21, 2023.
             Was a Follower of Okawaru.
             Slain by a centaur (3 damage)
             ... on level 5 of the Dungeon.
             The game lasted 00:07:36 (1941 turns).

lunkers the Slicer (Meteoran Wanderer)              Turns: 1941, Time: 00:07:37

Health: -1/50      AC:  3    Str: 15    XL:     7   Next: 5%
Magic:  14/14      EV: 11    Int: 11    God:    Okawaru [*.....]
Gold:   202        SH:  0    Dex: 17    Spells: 13/14 levels left

rFire   . . .        b - +2 dagger (venom)
rCold   . . .        (no shield)
rNeg    . . .        d - +0 leather armour
rPois   .            (no helmet)
rElec   .            (no cloak)
rCorr   .            (no gloves)
SInv    .            (no boots)
Will    .....        (no amulet)
Stlth   +            (no ring)
HPRegen 0.28/turn    (no ring)
MPRegen 0.14/turn

%: no passive effects
@: glowing
A: sense surroundings 1, otherworldly, glowing, explore regen
a: Renounce Religion, Heroism


You were on level 5 of the Dungeon.
You worshipped Okawaru.
Okawaru was aware of your devotion.
You visited 1 branch of the dungeon, and saw 5 of its levels.

You collected 202 gold pieces.

Inventory:

Hand Weapons
 a - a +0 rapier of speed
 b - a +2 dagger of venom (weapon)
Armour
 d - a +0 leather armour (worn)
 l - a +4 chain mail
Wands
 i - a wand of polymorph (4)
Scrolls
 c - a scroll of fear
 e - a scroll of amnesia {unknown}
 m - a scroll of enchant weapon {unknown}
 n - a scroll of noise {unknown}
Potions
 f - a potion of magic {unknown}
 g - a potion of attraction {unknown}
 h - 2 potions of mutation {unknown}
 j - a potion of heal wounds {unknown}
 k - 2 potions of brilliance


   Skills:
 * Level 8.1 Short Blades
 - Level 1.2 Throwing
 - Level 1.1 Dodging
 - Level 4.0 Spellcasting
 + Level 1.6 Invocations
 - Level 1.2 Evocations


You had 13 spell levels left.
You knew the following spells:

 Your Spells              Type           Power      Damage    Failure   Level
p - Necrotise             Necr           8%         1d4       28%         1

Your spell library contained the following spells:

 Spells                   Type           Power      Damage    Failure   Level
 Vampiric Draining        Necr           2%         2d6       65%         3


Dungeon Overview and Level Annotations

Branches:
Dungeon (5/15) Zot: 1103
 Temple: D:4-7

Altars:
Fedhas
Okawaru
Uskayaw
Wu Jian


Innate Abilities, Weirdness & Mutations

You passively map a small area around you.
You are easily found by Zot.
You glow in the dark.
You regain HP and MP as you explore.


Message History

You feel like a meek peon again.
The centaur shouts!
The orc shouts! x2
The centaur wields a +0 orcbow.
The centaur shoots an arrow.
The arrow hits you.
The centaur shoots an arrow.
The arrow hits you!
* * * LOW HITPOINT WARNING * * *
Something shouts, "Return whence thou came, thou euchred boil-brained ratsbane!"
The orc shouts!
The centaur unwields a +0 orcbow.
The centaur barely misses you.
The centaur kicks you but does no damage.
Casting: Necrotise (safe; 28% risk of failure)
Confirm with . or Enter, or press ? or * to list all spells.
Okay, then.
You hit the centaur.
The centaur is poisoned.
You punch the centaur.
The centaur is lightly wounded.
The centaur hits you.
* * * LOW HITPOINT WARNING * * *
The centaur barely misses you.
The orc wizard hits you with a +0 dagger.
* * * LOW HITPOINT WARNING * * *
The orc hits you with a +0 short sword.
* * * LOW HITPOINT WARNING * * *
You hit the centaur.
The centaur is moderately wounded.
The centaur closely misses you. The centaur kicks you.
* * * LOW HITPOINT WARNING * * *
You hit the centaur.
The centaur looks as sick as possible!
The centaur is heavily wounded.
The orc hits you but does no damage.
The orc wizard hits you with a +0 dagger.
* * * LOW HITPOINT WARNING * * *
You hit the centaur but do no damage.
The centaur looks as sick as possible!
The centaur is heavily wounded.
The centaur closely misses you. The centaur kicks you.
* * * LOW HITPOINT WARNING * * *
You barely miss the centaur.
The centaur is heavily wounded.
The centaur hits you.
* * * LOW HITPOINT WARNING * * *
The centaur kicks you.
You die...

, * , .## , *** ..# ,
..#, * ,
######..##+## ,
#....oo.....#.##
#.)............,.. ,
#...coo.......#....
#....@####..#.#....
#.......##.......#
####....##.......####
#....#.......(.....
#........#.[.......
###+##.............
*#.[.........#. ,
#.#......#..##
#.##.#.........).


You could see a centaur (extremely poisoned), an orc wizard and 3 orcs.

Vanquished Creatures
  A black bear (D:4)
  A hound (D:5)
  A jelly (D:5)
  An iguana (D:5)
  2 orc wizards (D:4)
  4 adders
  2 dart slugs (D:2)
  8 orcs
  A bat (D:1)
  7 endoplasms
  A giant cockroach (D:3)
  3 goblins
  3 hobgoblins
  4 jackals (D:1)
  A quokka (D:3)
  2 ball pythons
  3 frilled lizards
  8 kobolds
  4 rats
57 creatures vanquished.

Notes
Turn   | Place    | Note
-------+----------+-------------------------------------------
     0 | D:1      | lunkers the Meteoran Wanderer began the quest for the Orb.
     0 | D:1      | lunkers set off with the following items: a +0 rapier, a
                  | wand of polymorph (4), a scroll of fear, a +0 leather
                  | armour; and the following spell memorised: Necrotise; and
                  | the following spells available to memorise: Vampiric
                  | Draining.
     0 | D:1      | Reached XP level 1. HP: 14/14 MP: 6/6
   188 | D:1      | Reached XP level 2. HP: 20/20 MP: 5/8
   305 | D:1      | Reached skill level 5 in Short Blades
   408 | D:1      | Reached XP level 3. HP: 26/26 MP: 6/9
   417 | D:1      | Found a faded altar of an unknown god.
   501 | D:1      | Glimpsed the power of Zot.
   551 | D:1      | Glimpsed the power of Zot.
   899 | D:2      | Reached XP level 4. HP: 26/33 MP: 8/11
  1124 | D:3      | Found a blossoming altar of Fedhas.
  1160 | D:3      | Found an ornate altar of the Wu Jian Council.
  1160 | D:3      | Found an iron altar of Okawaru.
  1167 | D:3      | Became a worshipper of Warmaster Okawaru
  1198 | D:3      | Reached skill level 6 in Short Blades
  1341 | D:4      | Reached XP level 5. HP: 38/38 MP: 12/12
  1438 | D:4      | Found a hide-covered altar of Uskayaw.
  1685 | D:4      | Noticed a black bear
  1696 | D:4      | Killed a black bear
  1696 | D:4      | Reached * piety under Okawaru
  1697 | D:4      | Reached skill level 7 in Short Blades
  1697 | D:4      | Reached XP level 6. HP: 37/45 MP: 9/13
  1835 | D:5      | Entered Level 5 of the Dungeon
  1850 | D:5      | Reached skill level 1 in Invocations
  1907 | D:5      | Reached skill level 8 in Short Blades
  1930 | D:5      | Reached XP level 7. HP: 22/50 MP: 12/14
  1941 | D:5      | HP: 2/50 [centaur (5)]
  1941 | D:5      | Slain by a centaur

Illustrated notes

Levels and vault maps discovered:
D:1:      nagdon_arrival_zigzag_paths, layout_loops_corners,
          shapermc_ecumenical_altar_venn
D:2:      layout_basic, minmay_3d_cube, uniq_crazy_yiuf_cottage
D:3:      layout_basic, mainiacjoe_overflow_concentric_impassable,
          gammafunk_temple_overflow_pools
D:4:      layout_loops_ring, old_standard_altar, minivault_5,
          serial_bayou_lake_a
D:5:      layout_basic, kennysheep_another_room, minmay_misc_feat_hallway,
          sigmund_army

Skill      XL: |  1  2  3  4  5  6 |
---------------+-------------------+-----
Short Blades   | 5 6 7 8 |  8.1
Invocations    | 1 |  1.6
Throwing       | |  1.2
Dodging        | |  1.1
Spellcasting   | |  4.0
Evocations     | |  1.2

Action                     |  1- 3 |  4- 6 |  7- 9 || total
---------------------------+-------+-------+-------++-------
  Melee: Rapier            |    60 |    10 |       ||    70
         Punch             |     1 |     2 |     1 ||     4
         Dagger            |       |   153 |     5 ||   158
   Cast: Necrotise         |    27 |    29 |       ||    56
 Invoke: Heroism           |       |     1 |       ||     1
    Use: Scroll            |       |     2 |       ||     2
 Armour: Leather armour    |    24 |    49 |    12 ||    85
  Dodge: Dodged            |    33 |    62 |     4 ||    99

Table legend: (Time is in decaauts)
 A = Elapsed time spent in this place.
 B = Non-inter-level travel time spent in this place.
 C = Inter-level travel time spent in this place.
 D = Time resting spent in this place.
 E = Time spent auto-exploring this place.
 F = Levels seen in this place.
 G = Mean time per level.
                   A        B        C        D        E       F      G
               +--------+--------+--------+--------+--------+-----+--------+
         Total |   1896 |   1816 |     80 |      0 |   1250 |   5 |  379.2 |
       Dungeon |   1896 |   1816 |     80 |      0 |   1250 |   5 |  379.2 |
               +--------+--------+--------+--------+--------+-----+--------+

Top non-repeatable levels by time:
     D:1: 555 daAuts
     D:4: 504 daAuts
     D:2: 461 daAuts
     D:3: 283 daAuts
     D:5: 91 daAuts
